 Dungeon Crawl Stone Soup version 0.26-a0-712-ga5a9c9c9d0 (webtiles) character file.

Game seed: 1413300127464368207

27 tilp the Sneak (level 2, -2/13 HPs)
             Began as a Spriggan Enchanter on Oct 28, 2020.
             Slain by a gnoll
             ... wielding a +0 whip
              (3 damage)
             ... on level 2 of the Dungeon on Nov 1, 2020.
             The game lasted 00:02:15 (1167 turns).

tilp the Sneak (Spriggan Enchanter)                 Turns: 1167, Time: 00:02:16

Health: -2/13      AC:  2    Str:  4    XL:     2   Next: 93%
Magic:  6/6        EV: 18    Int: 16    God:
Gold:   61         SH:  0    Dex: 16    Spells: 3/6 levels left

rFire    . . .     SeeInvis +   a - +1 dagger
rCold    . . .     Faith    .   (shield restricted)
rNeg     . . .     Spirit   .   b - +0 robe
rPois    .         Reflect  .   (helmet restricted)
rElec    .         Harm     .   (no cloak)
rCorr    .         Rampage  .   (gloves unavailable)
MR       .....                  (boots unavailable)
Stlth    +++.......             (no amulet)
HPRegen  0.04/turn              (no ring)
MPRegen  0.10/turn              (no ring)

@: very quick
A: very small, unfitting armour, see invisible, speed 3
a: no special abilities


You were on level 2 of the Dungeon.
You visited 1 branch of the dungeon, and saw 2 of its levels.

You collected 61 gold pieces.

Inventory:

Hand Weapons
 a - a +1 dagger (weapon)
Missiles
 f - 21 stones (quivered)
Armour
 b - a +0 robe (worn)
Jewellery
 i - an uncursed amulet of magic regeneration {unknown}
Scrolls
 c - a scroll of random uselessness {unknown}
 d - a scroll of amnesia {unknown}
 g - a scroll of identify {unknown}
 h - a scroll of magic mapping {unknown}
 j - a scroll of enchant armour {unknown}
Potions
 e - a potion of lignification {unknown}


   Skills:
 + Level 2.4 Short Blades
 - Level 3.0 Dodging
 + Level 5.4 Stealth
 - Level 2.6 Spellcasting
 - Level 3.6 Hexes


You had 3 spell levels left.
You knew the following spells:

 Your Spells              Type           Power        Failure   Level
a - Corona                Hex            ##.....      4%          1
b - Ensorcelled Hibernat  Hex/Ice        #.....       14%         2

Your spell library contained the following spells:

 Spells                   Type           Power        Failure   Level
 Confusing Touch          Hex            ##......     13%         3
 Tukima's Dance           Hex            ##......     13%         3
 Dazzling Flash           Conj/Hex       #.....       28%         3


Dungeon Overview and Level Annotations

Branches:
Dungeon (2/15)

Altars:


Innate Abilities, Weirdness & Mutations

You are very small and have problems with some larger weapons.
You are too small for most types of armour.
You have supernaturally acute eyesight. (SInv)
You cover ground extremely quickly.


Message History

A gnoll comes into view. It is wielding a +0 spear.
The frilled lizard hisses angrily.
The gnoll shouts!
The frilled lizard completely misses you.
You barely miss the frilled lizard. You closely miss the frilled lizard.
The frilled lizard bites you but does no damage.
You miss the frilled lizard. The frilled lizard bites you.
The gnoll shouts!
You hit the frilled lizard.
You kill the frilled lizard!
The gnoll throws a throwing net.
The throwing net hits you.
You become entangled in the net!
You struggle against the net.
The gnoll barely misses you.
You struggle against the net.
The gnoll hits you with a +0 whip.
You struggle against the net.
The gnoll barely misses you.
You struggle against the net.
The gnoll hits you with a +0 whip!
Ouch! That really hurt!
* * * LOW HITPOINT WARNING * * *
You rip the net and break free!
The gnoll hits you with a +0 whip.
You die...

#######.........).#....
#..............######.#
#####........#.........
##.................
##....#.........†.
###.....######..#
##........# ##.#
#..#.####... #.. #@#..#
##.###.> ##g#.##
#...... ########gg..#
####...
...........#####
.......
.................
..#...<#
...).$..#........
#.##.#
..?.....#.####### #.[
#.# ..........# #..#
#.# #######..## #. #.#


You could see 3 gnolls.

Vanquished Creatures
  2 dart slugs
  A leopard gecko (D:1)
  2 bats
  2 giant cockroaches
  A goblin (D:1)
  5 hobgoblins
  3 frilled lizards
  2 kobolds (D:1)
  3 rats (D:1)
21 creatures vanquished.

Notes
Turn   | Place    | Note
-------+----------+-------------------------------------------
     0 | D:1      | tilp the Spriggan Enchanter began the quest for the Orb.
     0 | D:1      | Reached XP level 1. HP: 9/9 MP: 5/5
     0 | D:1      | Upgraded the game from 0.26-a0-651-gb41185065b to
                  | 0.26-a0-712-ga5a9c9c9d0
   474 | D:1      | Reached skill level 5 in Stealth
   474 | D:1      | Reached XP level 2. HP: 13/13 MP: 6/6
   487 | D:1      | Learned a level 2 spell: Ensorcelled Hibernation
  1167 | D:2      | Slain by a gnoll

Illustrated notes

Levels and vault maps discovered:
D:1:      lemuel_arrival_broad_hall, layout_basic
D:2:      layout_rooms, old_standard_altar, minmay_unequal

Skill      XL: |  1  2 |
---------------+-------+-----
Stealth        | 5 |  5.4
Short Blades   | 2 |  2.4
Dodging        | |  3.0
Spellcasting   | |  2.6
Hexes          | |  3.6

Action                   || total
-------------------------++-------
Melee: Dagger            ||    71
 Cast: Corona            ||     8
       Ensorcelled Hiber ||     9
 Stab: Sleeping          ||    11
Armor: Robe              ||     8
Dodge: Dodged            ||    56

Table legend: (Time is in decaauts)
 A = Elapsed time spent in this place.
 B = Non-inter-level travel time spent in this place.
 C = Inter-level travel time spent in this place.
 D = Time resting spent in this place.
 E = Time spent auto-exploring this place.
 F = Levels seen in this place.
 G = Mean time per level.
                   A        B        C        D        E       F      G
               +--------+--------+--------+--------+--------+-----+--------+
         Total |    945 |    929 |     16 |    479 |    264 |   2 |  472.5 |
       Dungeon |    945 |    929 |     16 |    479 |    264 |   2 |  472.5 |
               +--------+--------+--------+--------+--------+-----+--------+

Top non-repeatable levels by time:
     D:1: 668 daAuts
     D:2: 277 daAuts
